 Dungeon Crawl Stone Soup version 0.23.2-33-g5129a83184 (webtiles) character file.

Game seed: 15070936263354203659

27 Descartes the Insei (level 3, -3/18 HPs)
             Began as a Vine Stalker Transmuter on July 2, 2019.
             Slain by a spatial maelstrom (8 damage)
             ... on level 2 of the Abyss.
             The game lasted 00:02:16 (662 turns).

Descartes the Insei (Vine Stalker Transmuter)        Turns: 662, Time: 00:02:17

Health: -3/18      AC:  2    Str: 12    XL:     3   Next: 10%
Magic:  0/7        EV: 12    Int: 13    God:
Gold:   115        SH:  0    Dex: 15    Spells: 5/6 levels left

rFire    . . .     SeeInvis .   j - +2 dagger (freeze)
rCold    . . .     Gourm    .   (no shield)
rNeg     . . .     Faith    .   b - +0 robe
rPois    .         Spirit   +   (no helmet)
rElec    .         Reflect  .   (no cloak)
rCorr    .         Harm     .   (no gloves)
MR       .....                  (no boots)
Stlth    ++........             (no amulet)
HPRegen  0.06/turn              (no ring)
MPRegen  0.10/turn              (no ring)

@: no status effects
A: fangs 2, magic shield, antimagic bite, no potion heal 3, rot immunity
a: no special abilities


You were on level 2 of the Abyss.
You were not hungry.

You visited 1 branch of the dungeon, and saw 1 of its levels.
You visited the Abyss 1 time.

You collected 115 gold pieces.

Inventory:

Hand Weapons
 c - a +0 short sword of distortion
 j - a +2 dagger of freezing (weapon)
Missiles
 a - 31 arrows
Armour
 b - a +0 robe (worn)
 k - a +0 chain mail
Scrolls
 h - a scroll of enchant weapon {unknown}
 i - a scroll of random uselessness {unknown}
 l - a scroll of teleportation {unknown}
 m - a scroll of blinking {unknown}
Potions
 e - a potion of lignification {unknown}
 f - a potion of curing {unknown}
Comestibles
 d - a ration
 g - 4 chunks of flesh


   Skills:
 + Level 1.1 Fighting
 + Level 0.0 Short Blades
 + Level 1.7 Dodging
 * Level 1.5 Stealth
 * Level 3.2 Unarmed Combat
 + Level 2.3 Spellcasting
 * Level 2.3 Transmutations


You had 5 spell levels left.
You knew the following spells:

 Your Spells              Type           Power        Failure   Level  Hunger
a - Beastly Appendage     Tmut           #.....       10%         1    #......

Your spell library contained the following spells:

 Spells                   Type           Power        Failure   Level  Hunger
 Sticks to Snakes         Tmut           #.......     14%         2    ###....
 Spider Form              Tmut/Pois      #.........   41%         3    ###....
 Ice Form                 Ice/Tmut       #.......     83%         4    #####..
 Blade Hands              Tmut           #.........   95%         5    ######.


Dungeon Overview and Level Annotations

Branches:
Dungeon (1/15)

Altars:


Innate Abilities, Weirdness & Mutations

You have extremely sharp teeth.
When hurt, damage is shared between your health and your magic reserves.
Your bite disrupts and absorbs the magic of your enemies.
Potions cannot restore your health.
You are immune to rotting.


Message History

Some of the chunks of flesh in your inventory have rotted away.
A large abomination comes into view.
Unknown command.
Found a scroll labeled RIOTAUNOAJ.
Found a ring mail.
m - a scroll labeled RIOTAUNOAJ A spatial vortex and a spatial maelstrom come into view.
A spatial vortex comes into view. x3
The spatial vortex moves out of view. x2
A spatial vortex comes into view.
The spatial vortex moves out of view.
A spatial vortex comes into view.
The spatial vortex moves out of view.
A spatial vortex comes into view.
Found 18 gold pieces.
The spatial maelstrom hits you! Space bends around you.
The spatial maelstrom hits you.
* * * LOW HITPOINT WARNING * * *
You barely miss the spatial maelstrom. The spatial maelstrom hits you!
You die...

##v .. #. ## ##.#
##..##.## ## # ...
#.#.v...###.#.
###..##
#.v#...#..##..
#$..#.. #.# ## #.....
. ..###.##.......# .
#..#...#...###...#
####@#...#.#.#...####
#....v####.##.#.#.#
##..#..# # ##.#..
###...## #.#.##
.###...# # . #. ##..
# ..## # .. .. # . #.
#. . . . ... # #


You could see a spatial maelstrom.

Vanquished Creatures
  2 dart slugs (D:1)
  A leopard gecko (D:1)
  A ball python (D:1)
  A giant cockroach (D:1)
  5 goblins (D:1)
  A hobgoblin (D:1)
  3 kobolds (D:1)
  2 bats (D:1)
  A frilled lizard (D:1)
  2 rats (D:1)
19 creatures vanquished.

Vanquished Creatures (others)
  A leopard gecko (D:1)
1 creature vanquished.

Grand Total: 20 creatures vanquished

Notes
Turn   | Place    | Note
-------+----------+-------------------------------------------
     0 | D:1      | Descartes the Vine Stalker Transmuter began the quest for
                  | the Orb.
     0 | D:1      | Reached XP level 1. HP: 9/9 MP: 4/4
   126 | D:1      | Reached skill level 1 in Fighting
   280 | D:1      | Reached XP level 2. HP: 14/14 MP: 6/6
   284 | D:1      | Reached skill level 1 in Stealth
   488 | D:1      | Reached XP level 3. HP: 17/18 MP: 5/7
   553 | D:1      | Cast into level 2 of the Abyss (a distortion unwield)
   595 | Abyss:2  | Noticed a large abomination
   653 | Abyss:2  | Noticed a spatial maelstrom
   653 | Abyss:2  | Noticed a spatial vortex
   653 | Abyss:2  | Noticed a spatial vortex
   653 | Abyss:2  | Noticed a spatial vortex
   653 | Abyss:2  | Noticed a spatial vortex
   654 | Abyss:2  | Noticed a spatial vortex
   657 | Abyss:2  | Noticed a spatial vortex
   659 | Abyss:2  | Noticed a spatial vortex
   662 | Abyss:2  | Slain by a spatial maelstrom

Skill      XL: |  1  2 |
---------------+-------+-----
Fighting       | 1 |  1.1
Stealth        | 1 |  1.5
Dodging        | |  1.7
Unarmed Combat | |  3.2
Spellcasting   | |  2.3
Transmutations | |  2.3

Action                   || total
-------------------------++-------
Melee: Unarmed           ||     8
       Short sword       ||    39
       Bite              ||    13
       Punch             ||     1
       Dagger            ||     1
 Stab: Sleeping          ||     1
Armor: Robe              ||     6
Dodge: Dodged            ||    40
